 Dungeon Crawl Stone Soup version 0.21-a0-472-g223bcb9 (webtiles) character file.

4039 slep the Carver (level 10, -5/89 HPs)
             Began as a Minotaur Monk on Nov 21, 2017.
             Was a High Priest of Okawaru.
             Slain by an orc wizard
             ... wielding a +2 dagger of electrocution
              (12 damage)
             ... on level 8 of the Dungeon.
             The game lasted 00:38:18 (6468 turns).

slep the Carver (Minotaur Monk)                     Turns: 6468, Time: 00:38:23

Health: -5/89      AC: 15    Str: 18    XL:     10   Next: 4%
Magic:  10/10      EV: 10    Int:  7    God:    Okawaru [*****.]
Gold:   259        SH:  0    Dex: 16    Spells: 9/9 levels left

rFire    . . .     SeeInvis .   O - +5 battleaxe (freeze)
rCold    + . .     Gourm    .   (shield currently unavailable)
rNeg     . . .     Faith    .   p - +0 chain mail
rPois    .         Spirit   .   (helmet restricted)
rElec    .         Reflect  .   i - +0 cloak
rCorr    .         Harm     .   o - +0 pair of gloves
MR       .....     Rnd*Rage +   (no boots)
Stlth    ..........             (no amulet)
HPRegen  0.00/turn              (no ring)
MPRegen  0.12/turn              (no ring)

@: no status effects
A: retaliatory headbutt, horns 2, iridescent scales 1, camouflage 1, berserk 1,
cold resistance 1, high mp 1, inhibited regeneration, strong 1
a: Heroism, Finesse, Renounce Religion


You were on level 8 of the Dungeon.
You worshipped Okawaru.
Okawaru was extremely pleased with you.
You were not hungry.

You visited 1 branch of the dungeon, and saw 8 of its levels.

You collected 259 gold pieces.

Inventory:

Hand Weapons
 b - a -1 spear
 s - a +3 halberd of freezing
 u - a +0 dagger of venom
 y - a +0 morningstar
 C - a +2 hunting sling of flaming
 J - a +3 long sword
 N - a +2 great sword of holy wrath
 O - a +5 battleaxe of freezing (weapon)
 Q - a +0 shortbow
Missiles
 g - 2 needles of confusion
 k - 25 poisoned needles
 R - 18 arrows
Armour
 i - a +0 cloak (worn)
 o - a +0 pair of gloves (worn)
 p - a +0 chain mail (worn)
 q - a +0 buckler
 x - a +0 ring mail
Wands
 v - a wand of flame (16)
 B - a wand of iceblast (6)
 F - a wand of acid (11)
Scrolls
 a - a scroll of fear {unknown}
 e - 2 scrolls of remove curse
 f - 2 scrolls of blinking {unknown}
 h - 5 scrolls of teleportation {unknown}
 l - 11 scrolls of identify {unknown}
 n - a scroll of enchant armour {unknown}
 z - 2 scrolls of enchant weapon {unknown}
 A - a scroll of immolation {unknown}
 G - a scroll of amnesia {unknown}
Potions
 d - a potion of brilliance
 j - a potion of curing {unknown}
 r - a potion of resistance {unknown}
 t - 2 potions of haste
 H - 2 potions of lignification
 I - a potion of agility {unknown}
 K - a potion of cancellation {unknown}
 L - 2 potions of invisibility
 M - a potion of might
Books
 w - a book of Necromancy

   Spells                             Type                      Level
   a - Pain                           Necromancy                   1
   b - Animate Skeleton               Necromancy                   1
   c - Vampiric Draining              Necromancy                   3
   d - Regeneration                   Charms/Necromancy            3
   e - Animate Dead                   Necromancy                   4
   f - Control Undead                 Necromancy                   4
 P - a book of Misfortune

   Spells                             Type                      Level
   a - Confusing Touch                Hexes                        1
   b - Confuse                        Hexes                        3
   c - Gell's Gravitas                Translocation                3
   d - Petrify                        Transmutation/Earth          4
   e - Metabolic Englaciation         Hexes/Ice                    5
   f - Yara's Violent Unravelling     Hexes/Transmutation          5
Comestibles
 c - 5 bread rations
 m - 3 royal jellies
 D - 2 fruits
 E - 5 chunks of flesh


   Skills:
 + Level 8.3 Fighting
 + Level 11.6 Long Blades
 + Level 2.7 Axes
 + Level 1.3 Throwing
 + Level 7.8 Armour
 + Level 5.5 Dodging
 + Level 2.8 Stealth
 + Level 2.7 Shields
 + Level 0.1 Evocations


You had 9 spell levels left.
You didn't know any spells.

Dungeon Overview and Level Annotations

Branches:
Dungeon (8/15)             Temple (0/1) D:5
   Lair: D:8-11

Altars:
Fedhas
Okawaru
Ru

Shops:
D:6 %


Innate Abilities, Weirdness & Mutations

You reflexively headbutt those who attack you in melee.
You have a pair of horns on your head.
You are partially covered in iridescent scales. (AC +2)
Your skin changes colour to match your surroundings (Stealth+).
You tend to lose your temper in combat.
Your flesh is cold resistant. (rC+)
You have an increased reservoir of magic. (+10% MP)
You do not regenerate when monsters are visible.
Your muscles are strong. (Str +2)


Message History

The bullfrog zombie is severely damaged.
The bullfrog zombie hits you.
* * * LOW HITPOINT WARNING * * *
The bullfrog zombie barely misses you. You furiously retaliate!
You headbutt the bullfrog zombie. You slash the bullfrog zombie!
You destroy the bullfrog zombie!
Okawaru accepts your kill.
You start resting.
Eating one of 6 chunks of flesh.
You eat one of the 6 chunks of flesh.
This raw flesh tastes terrible.
An orc wizard comes into view.
It is wielding a dagger of electrocution.
The orc wizard shouts!
You hear a shout!
The orc wizard hits you but does no damage.
You closely miss the orc wizard.
The orc wizard hits you but does no damage.
You are electrocuted!
* * * LOW HITPOINT WARNING * * *
The orc wizard hits you but does no damage.
You are electrocuted!
You die...

≈.. . ≈.. ... ≈.
..#;#.####
.#≈...#..###### #
#≈..##........#.#
.#≈.....##...@o.#
..#;...(.)......#
.#≈....(.........#
#≈...............#
≈................#
.....)..((.......#
.................##
#.................#
................#.##


You could see an orc wizard.

Vanquished Creatures
  The ghost of iamoutofideas the Shield-Bearer, a novice GnFi (D:4)
  Prince Ribbit (D:5)
  2 hippogriffs
  Menkaure (D:5)
  An ice beast (D:5)
  A phantom (D:7)
  A black bear (D:7)
  2 ogres
  2 sky beasts
  4 centaurs
  A crocodile (D:8)
  3 bullfrogs (D:7)
  4 scorpions
  9 wights (D:7)
  3 howler monkeys
  4 crimson imps
  2 bullfrog zombies
  3 centaur skeletons
  A hound (D:5)
  Crazy Yiuf (D:2)
  5 orc wizards
  Jessica (D:3)
  Ijyb (D:4)
  An iguana (D:4)
  8 worker ants
  2 hound skeletons (D:7)
  3 gnolls (D:2)
  8 adders
  2 shadow imps
  An adder zombie (D:5)
  An adder skeleton (D:2)
  5 worms
  8 dart slugs
  3 leopard geckos
  21 orcs
  A bat skeleton (D:2)
  A bat zombie (D:2)
  6 giant cockroaches
  9 hobgoblins
  2 jackals (D:2)
  6 quokkas
  A ball python (D:1)
  5 bats
  3 frilled lizards
  A giant cockroach zombie (D:2)
  11 goblins
  A jackal skeleton (D:2)
  6 kobolds
  2 leopard gecko skeletons
  3 quokka zombies
  5 rats
180 creatures vanquished.

Notes
Turn   | Place    | Note
-------+----------+-------------------------------------------
     0 | D:1      | slep the Minotaur Monk began the quest for the Orb.
     0 | D:1      | Reached XP level 1. HP: 19/19 MP: 0/0
   240 | D:1      | Reached skill level 4 in Long Blades
   329 | D:1      | Reached XP level 2. HP: 26/27 MP: 1/1
   770 | D:2      | Reached XP level 3. HP: 24/33 MP: 2/2
   808 | D:2      | Found an iron altar of Okawaru.
   823 | D:2      | Became a worshipper of Warmaster Okawaru
   823 | D:2      | Reached * piety under Okawaru
   823 | D:2      | Reached ** piety under Okawaru
   948 | D:2      | Reached XP level 4. HP: 22/40 MP: 3/3
  1082 | D:2      | Reached skill level 5 in Long Blades
  1321 | D:2      | Reached XP level 5. HP: 41/47 MP: 4/4
  1727 | D:2      | Found a runed door.
  1731 | D:2      | Noticed Crazy Yiuf
  1737 | D:2      | Killed Crazy Yiuf
  1737 | D:2      | Reached skill level 1 in Throwing
  1737 | D:2      | Reached skill level 1 in Armour
  1902 | D:3      | Reached skill level 6 in Long Blades
  2225 | D:3      | Reached XP level 6. HP: 40/53 MP: 5/5
  2459 | D:3      | Noticed Jessica
  2462 | D:3      | Killed Jessica
  2504 | D:4      | Noticed Ijyb
  2510 | D:4      | Reached *** piety under Okawaru
  2521 | D:4      | Killed Ijyb
  2546 | D:4      | Reached skill level 5 in Fighting
  2608 | D:4      | Reached skill level 7 in Long Blades
  2608 | D:4      | Reached XP level 7. HP: 53/61 MP: 6/6
  2720 | D:4      | Found a blossoming altar of Fedhas.
  2883 | D:4      | Noticed iamoutofideas's ghost (novice GnFi)
  2901 | D:4      | Killed iamoutofideas's ghost
  2901 | D:4      | Reached skill level 8 in Long Blades
  2901 | D:4      | Reached skill level 1 in Shields
  2922 | D:5      | Entered Level 5 of the Dungeon
  2942 | D:5      | Reached XP level 8. HP: 23/70 MP: 7/7
  2945 | D:5      | Noticed Prince Ribbit
  3256 | D:5      | Noticed Menkaure
  3264 | D:5      | Killed Menkaure
  3275 | D:5      | Reached skill level 9 in Long Blades
  3382 | D:5      | Reached **** piety under Okawaru
  3480 | D:5      | Gained mutation: You are weak. (Str -2) [potion of mutation]
  3480 | D:5      | Gained mutation: Your mind is acute. (Int +2) [potion of mutation]
  3481 | D:5      | Lost mutation: You are weak. (Str -2) [potion of mutation]
  3481 | D:5      | Gained mutation: You have an increased reservoir of magic. (+10% MP) [potion of mutation]
  3481 | D:5      | Gained mutation: You do not regenerate when monsters are visible. [potion of mutation]
  3481 | D:5      | Gained mutation: Your flesh is cold resistant. (rC+) [potion of mutation]
  3485 | D:5      | Killed Prince Ribbit
  3485 | D:5      | Reached skill level 5 in Dodging
  3762 | D:5      | Reached skill level 10 in Long Blades
  3762 | D:5      | Reached skill level 5 in Armour
  3783 | D:5      | Found a staircase to the Ecumenical Temple.
  4460 | D:6      | Reached XP level 9. HP: 63/79 MP: 9/9
  4577 | D:6      | Found Lotaett's Food Boutique.
  5609 | D:7      | Reached skill level 11 in Long Blades
  5618 | D:7      | Reached ***** piety under Okawaru
  5639 | D:7      | Gained mutation: You tend to lose your temper in combat. [mutagenic meat]
  5640 | D:7      | Gained mutation: Your skin changes colour to match your surroundings (Stealth+). [mutagenic meat]
  5641 | D:7      | Gained mutation: Your muscles are strong. (Str +2) [mutagenic meat]
  5642 | D:7      | Lost mutation: Your mind is acute. (Int +2) [mutagenic meat]
  5643 | D:7      | Gained mutation: You are partially covered in iridescent scales. (AC +2) [mutagenic meat]
  5712 | D:7      | Found a sacrificial altar of Ru.
  5820 | D:7      | Received a gift from Okawaru
  5916 | D:7      | Reached skill level 1 in Axes
  6401 | D:8      | Noticed a two-headed ogre
  6415 | D:8      | Reached XP level 10. HP: 17/89 MP: 10/10
  6468 | D:8      | Slain by an orc wizard

Vault maps used:
D:1:      wheals_arrival_linesprint
D:2:      okawaru_altar_gauntlet_db, serial_undead, serial_undead_b,
          serial_undead_e, serial_undead_d, serial_undead_a, serial_undead_e,
          serial_undead_c, serial_undead_f, serial_undead_f,
          uniq_crazy_yiuf_cottage
D:3:      uniq_jessica
D:4:      lemuel_doored_altar, first_bread, minmay_surrounded, uniq_ijyb
D:5:      temple_doors_e, uniq_menkaure, uniq_prince_ribbit1
D:6:      serial_shops, shop
D:7:      minmay_holes, nicolae_ru_the_path_less_chosen
D:8:      kennysheep_mini, dpeg_oklobed_lair, grunt_livestock,
          dk_noncrumbling_3, nicolae_water_bricks, corexii_checkpoint_a

Skill      XL: |  1  2  3  4  5  6  7  8  9 |
---------------+----------------------------+-----
Long Blades    | 4 5 6 7 8 10 11 | 11.6
Fighting       | 4 5 6 7 8 |  8.3
Stealth        | 2 |  2.8
Throwing       | 1 |  1.3
Armour         | 1 2 3 5 7 |  7.8
Dodging        | 4 5 |  5.5
Shields        | 1 2 |  2.7
Axes           | 2 |  2.7
Evocations     | |  0.1

Action                   |  1- 3 |  4- 6 |  7- 9 | 10-12 || total
-------------------------+-------+-------+-------+-------++-------
Melee: Falchion          |    69 |    36 |       |       ||   105
       Headbutt          |    11 |    44 |    68 |     2 ||   125
       Scimitar          |       |   161 |   136 |       ||   297
       Long sword        |       |       |   110 |       ||   110
       Battleaxe         |       |       |    40 |     4 ||    44
       Great sword       |       |       |     3 |       ||     3
Throw: Stone             |    42 |       |       |       ||    42
Evoke: Wand              |       |     1 |       |       ||     1
  Use: Potion            |       |       |     8 |       ||     8
       Scroll            |       |       |     3 |       ||     3
 Stab: Sleeping          |     3 |     1 |     1 |       ||     5
  Eat: Chunk             |       |     6 |    18 |     1 ||    25
       Fruit             |       |       |     1 |       ||     1
Armor: Robe              |     7 |       |       |       ||     7
       Chain mail        |    33 |    73 |    97 |     4 ||   207
       Ring mail         |       |    24 |    25 |       ||    49
       Skin              |       |       |    10 |       ||    10
Dodge: Dodged            |    52 |    76 |   117 |     2 ||   247
Block: Buckler           |       |     8 |    31 |       ||    39
       Rpst.: Falchion   |    17 |     4 |       |       ||    21
       Scimitar          |       |    15 |    20 |       ||    35
       Long sword        |       |       |     9 |       ||     9
       Great sword       |       |       |     1 |       ||     1

Table legend:
 A = Spawn XP
 B = Non-spawn XP
 C = Spawn XP percentage of total XP
 D = Spawn monster count
 E = Non-spawn monster count
 F = Spawn count percentage of total count
 G = Total turns spent on level
                    A         B        C        D         E        F      G
               +---------+---------+-------+---------+---------+-------+---------
         Total |       0 |    5770 |   0.0 |       0 |     180 |   0.0 |  6468
               +---------+---------+-------+---------+---------+-------+---------
           D:1 |       0 |      25 |   0.0 |       0 |      18 |   0.0 |   636
           D:2 |       0 |     254 |   0.0 |       0 |      39 |   0.0 |  1179
           D:3 |       0 |     190 |   0.0 |       0 |      33 |   0.0 |   680
           D:4 |       0 |     938 |   0.0 |       0 |      15 |   0.0 |   427
           D:5 |       0 |    1171 |   0.0 |       0 |      19 |   0.0 |  1184
           D:6 |       0 |     478 |   0.0 |       0 |      14 |   0.0 |   893
           D:7 |       0 |    1988 |   0.0 |       0 |      32 |   0.0 |  1266
           D:8 |       0 |     726 |   0.0 |       0 |      10 |   0.0 |   203
               +---------+---------+-------+---------+---------+-------+---------
